 Dungeon Crawl Stone Soup version 0.11.0-9-gb634444 (webtiles) character file.

116 barakagiga the Grasshopper (level 2, 0/16 HPs)
             Began as a Kobold Warper on Feb 4, 2013.
             Slain by a gnoll
             ... wielding a +0,+0 spear
              (7 damage)
             ... on Level 2 of the Dungeon.
             The game lasted 00:12:48 (1136 turns).

barakagiga the Grasshopper (Kobold Warper)          Turns: 1136, Time: 00:12:48

HP   0/16        AC  4     Str 10      XL: 2   Next: 85%
MP   3/3         EV 15     Int 11      God:
Gold 98          SH  0     Dex 14      Spells:  1 memorised,  4 levels left

Res.Fire  : . . .   See Invis. : .   a - +0 short sword
Res.Cold  : . . .   Warding    : .   b - +0 leather armour
Life Prot.: . . .   Conserve   : .   (no shield)
Res.Poison: .       Res.Corr.  : .   (no helmet)
Res.Elec. : .       Clarity    : .   (no cloak)
Sust.Abil.: . .     Spirit.Shd : .   (no gloves)
Res.Mut.  : .       Stasis     : .   p - +0 pair of boots
Res.Rott. : .       Ctrl.Telep.: .   (no amulet)
Saprovore : + + .   Levitation : .   (no ring) Ctrl.Flight: .
                                     s - +2 ring of evasion

@: not resistant to hostile enchantments, unstealthy
A: disease resistance, carnivore 3, saprovore 2
a: no special abilities


You were on level 2 of the Dungeon.
You were very full.

You visited 1 branch of the dungeon, and saw 2 of its levels.

You collected 48 gold pieces.

Inventory:

Hand weapons
 a - a +0,+0 short sword (weapon)
Missiles
 e - 25 darts (quivered)
 f - 10 darts of dispersal
 h - 20 arrows
 i - 5 stones
 t - 8 poisoned needles
Armour
 b - a +0 leather armour (worn)
 p - a +0 pair of boots (worn)
Comestibles
 g - 3 meat rations
 n - a rotting chunk of rat flesh
 u - a chunk of rat flesh
Scrolls
 d - a scroll of blinking
 k - a scroll of random uselessness {unknown}
 o - 2 scrolls of fear {unknown}
 q - 2 scrolls of amnesia {unknown}
 v - a scroll of identify {unknown}
Jewellery
 s - a +2 ring of evasion (left hand)
Potions
 l - a potion of mutation {unknown}
 m - a potion of gain strength {unknown}
 r - 2 potions of heal wounds {unknown}
 w - a potion of restore abilities {unknown}
Books
 c - a book of Spatial Translocations

   Spells                             Type                      Level
   *Apportation                       Translocation                1
   Portal Projectile                  Translocation                2
   Blink                              Translocation                2
   Shroud of Golubria                 Charms/Translocation         2
   Teleport Other                     Translocation                3
   Passage of Golubria                Translocation                4
   Control Teleport                   Charms/Translocation         4


   Skills:
 + Level 2,3 Fighting
 + Level 3,0 Short Blades
 - Level 1,3 Throwing
 - Level 0,7 Armour
 - Level 3,0 Dodging
 - Level 2,1 Spellcasting
 - Level 3,1 Translocations


You had 4 spell levels left.
You knew the following spells:

 Your Spells              Type           Power        Failure   Level  Hunger
a - Apportation           Tloc           ##........   12%         1    ##.....


Dungeon Overview and Level Annotations

Branches:
Dungeon (2/27)

Altars:


Innate Abilities, Weirdness & Mutations

You recuperate from illness quickly.
You are small and have problems with some larger weapons.
You are carnivorous and can eat meat at any time.
You can eat rotten meat.


Message History

The gnoll is moderately wounded.
The gnoll closely misses you.
You hit the gnoll.
The gnoll is heavily wounded.
You hit the gnoll but do no damage.
The gnoll is heavily wounded.
The gnoll hits you with a flail.
You completely miss the gnoll.
The gnoll is heavily wounded.
The gnoll hits you with a flail!
You hit the gnoll.
The gnoll is heavily wounded.
The gnoll closely misses you. The gnoll hits you but does no damage.
You hit the gnoll.
The gnoll is almost dead.
The gnoll hits you but does no damage.
You closely miss the gnoll.
The gnoll is almost dead.
The gnoll hits you from afar with a spear!
You die...

..##.#...........#########.#.#
..#........................#.####
.#####.....#####.......#.#.......
... #.....#####.#######.#.#.####
.### #..........<..........#>#...
## #.#.....#########.............
#.......'.....# #.##....######
###.....#####.# #.#.....# #.....#
#@# #.#.##### #.....#
#g###+#........$ #######
#.g....######.# ##...##..(....#
..........(...# ##...###......#
.............## .....#.........
.... #........>


You could see 2 gnolls.

Vanquished Creatures
  An ooze (D:1)
  3 bats (D:1)
  2 giant cockroaches (D:1)
  A hobgoblin (D:1)
  4 kobolds
  A giant newt (D:1)
  3 goblins
  3 rats
18 creatures vanquished.

Vanquished Creatures (others)
  A toadstool (D:1)
1 creature vanquished.

Grand Total: 19 creatures vanquished

Notes
Turn   | Place    | Note
--------------------------------------------------------------
     0 | D:1      | barakagiga, the Kobold Warper, began the quest for the Orb.
     0 | D:1      | Reached XP level 1. HP: 12/12 MP: 1/1
   213 | D:1      | Reached XP level 2. HP: 12/16 MP: 3/3
  1136 | D:2      | Slain by a gnoll
